Flames vs Sharks
Created - 2 février 2015 at 19:55
Goals
|
| Flames |
0 |
0 |
0 |
0 |
| Sharks |
1 |
1 |
1 |
3 |
|
Shots
|
| Flames |
13 |
5 |
4 |
22 |
| Sharks |
14 |
16 |
10 |
40 |
|
1st period
1. Sharks , David Legwand 28 (Dany Heatley, Alex Pietrangelo) at 5:03 (PP)
Penalties :
Steve Regier (Cal) for Boarding (Minor) at 4:38, Eric Staal (Cal) for Hooking (Minor) at 19:33
2nd period
2. Sharks , Brandon Yip 11 (Alex Pietrangelo, Antoine Vermette) at 12:21
Penalties :
Mark Bell (Cal) for Cross-checking (Minor) at 13:31
3rd period
3. Sharks , Adam Mair 4 (Shaone Morrisonn) at 7:02
Penalties :
Michal Handzus (Cal) for Roughing (Minor) at 0:40, Eric Staal (Cal) for Holding Stick (Minor) at 8:00, Markus Naslund (SJS) for Hooking (Minor) at 11:26
Goalie Stats
Pekka Rinne (Cal), 37 saves from 40 shots - (0,925), L, 23-13-5, 60:00 minutes
Mike Brodeur (SJS), 22 saves from 22 shots - (1,000), W, 14-4-2, 60:00 minutes
Players Stats for Flames
Player Name G A P +/- PIM S H SB GA TA FO MP PP MP PK MP
------------------------------------------------------------------------------------
Alexander Semin 0 0 0 0 0 2 3 0 1 0 0/0 16:42 1:14 0:46
Craig Adams 0 0 0 -1 0 2 2 0 0 0 0/0 7:21 0:00 0:00
David Backes 0 0 0 0 0 1 3 1 0 0 2/4 17:26 1:14 2:17
Derek Meech 0 0 0 -1 0 0 2 1 0 0 0/0 18:03 0:00 2:47
Eric Staal 0 0 0 0 4 0 0 2 1 1 7/14 18:02 1:14 1:30
Erik Johnson 0 0 0 -1 0 1 1 1 0 0 0/0 19:45 1:07 2:47
Filip Kuba 0 0 0 -1 0 1 0 0 0 0 0/0 25:11 0:52 5:34
Jordin Tootoo 0 0 0 0 0 2 2 0 0 2 1/1 16:50 0:00 2:06
Marcel Goc 0 0 0 -1 0 2 2 0 1 0 2/3 13:31 0:00 0:42
Mark Bell 0 0 0 0 2 3 2 0 0 0 0/2 15:45 0:45 0:17
Michal Handzus 0 0 0 0 2 4 1 0 1 0 12/21 18:58 0:00 4:02
Mike Leclerc 0 0 0 -1 0 0 1 0 0 0 0/0 12:23 0:00 5:02
Milan Hejduk 0 0 0 -1 0 1 1 0 1 0 0/0 13:38 0:45 0:00
Patrik Berglund 0 0 0 -1 0 1 2 0 0 0 0/0 8:10 0:45 0:00
Ron Hainsey 0 0 0 0 0 0 2 0 0 0 0/0 15:19 0:52 0:00
Steve Eminger 0 0 0 0 0 0 2 2 0 0 0/0 24:27 0:00 5:34
Steve Regier 0 0 0 -1 2 2 1 1 0 0 0/0 12:48 0:00 0:00
Tomas Kaberle 0 0 0 -1 0 0 0 0 0 0 0/0 17:15 1:07 0:00
Players Stats for Sharks
Player Name G A P +/- PIM S H SB GA TA FO MP PP MP PK MP
------------------------------------------------------------------------------------
Adam Mair 1 0 1 1 0 4 1 0 0 0 0/1 8:35 0:00 0:00
Adam Pardy 0 0 0 0 0 0 0 1 0 1 0/0 16:33 0:00 0:35
Alex Pietrangelo 0 2 2 1 0 6 1 1 2 0 0/0 24:23 5:24 0:00
Alexander Radulov 0 0 0 1 0 0 0 0 0 0 0/0 8:35 0:00 0:00
Antoine Vermette 0 1 1 1 0 2 3 0 0 0 6/8 16:32 3:51 0:00
Brandon Yip 1 0 1 1 0 3 2 0 0 0 1/1 16:32 3:51 0:00
Daniel Alfredsson 0 0 0 0 0 2 1 0 0 0 0/2 19:40 4:30 0:23
Dany Heatley 0 1 1 0 0 1 1 0 1 0 1/2 20:04 4:30 1:04
David Hale 0 0 0 0 0 0 1 1 0 1 0/0 20:29 2:57 0:40
David Legwand 1 0 1 0 0 5 1 1 0 0 11/26 20:04 4:30 1:04
Johnny Boychuk 0 0 0 0 0 0 2 1 0 0 0/0 20:20 2:57 0:44
Kyle Wellwood 0 0 0 0 0 3 1 0 0 1 2/3 14:17 0:00 0:23
Lasse Kukkonen 0 0 0 2 0 2 2 0 0 0 0/0 23:31 5:24 1:19
Markus Naslund 0 0 0 1 2 2 0 0 0 0 0/1 16:48 3:51 0:00
Martin Samuelsson 0 0 0 0 0 1 2 0 0 0 0/1 14:09 0:00 0:32
Shaone Morrisonn 0 1 1 1 0 1 3 1 0 2 0/0 14:44 0:00 0:40
Ted Purcell 0 0 0 0 0 3 3 1 0 0 0/0 13:37 0:00 0:00
Troy Brouwer 0 0 0 1 0 5 1 0 0 0 0/0 9:07 0:00 0:32
3 Stars
1 - Mike Brodeur (SJS)
2 - Brandon Yip (SJS)
3 - Alex Pietrangelo (SJS)
Power Play
Flames - 0 on 1 Attempt(s) - 0,00%
Sharks - 1 on 5 Attempt(s) - 20,00%
Penalty Kill
Flames - 4 on 5 Attempt(s) - 80,00%
- Score 0 goal in Penalty Kill
Sharks - 1 on 1 Attempt(s) - 100,00%
- Score 0 goal in Penalty Kill
Team Stat
Flames - Hits : 27 - Faceoff Wins : 24 - Blocked Shots : 8 - Penalty Minutes : 10
Sharks - Hits : 25 - Faceoff Wins : 21 - Blocked Shots : 7 - Penalty Minutes : 2
Official
Referees : L'Ecuyer Frederick and Rehman Kyle
Linesman : Pierre Champoux and Tim Nowak
Game Notes
No Game Note
Finance
Level 1 -- Attendance: 4636 (77,27%) -- Ticket Income 417 240 $
Level 2 -- Attendance: 4009 (80,18%) -- Ticket Income 240 540 $
Level 3 -- Attendance: 1282 (64,10%) -- Ticket Income 51 280 $
Level 4 -- Attendance: 4000 (100,00%) -- Ticket Income 80 000 $
Luxury Box -- Attendance: 805 (80,50%) -- Ticket Income 144 900 $
Game was played at the Hockey Place Center'
Total Attendance: 14732 (81,84%)
Total Ticket Income: 933 960 $
Other Income: 140 094 $
Total Income: 1 074 054 $
Flames
5 vs 5 Forward
Center Left Wing Right Wing Time % Phy DF OF
1 Eric Staal Alexander Semin David Backes 40 1 2 2
2 Michal Handzus Mark Bell Jordin Tootoo 30 1 2 2
3 Marcel Goc Steve Regier Milan Hejduk 20 1 2 2
4 Patrik Berglund Mike Leclerc Craig Adams 10 1 2 2
5 vs 5 Defense
Defense Defense Time % Phy DF OF
1 Tomas Kaberle Steve Eminger 40 1 2 2
2 Filip Kuba Erik Johnson 30 1 2 2
3 Derek Meech Ron Hainsey 20 1 2 2
4 Filip Kuba Steve Eminger 10 1 2 2
PowerPlay Forward
Center Left Wing Right Wing Time % Phy DF OF
1 Eric Staal Alexander Semin David Backes 60 1 2 2
2 Patrik Berglund Mark Bell Milan Hejduk 40 1 2 2
PowerPlay Defense
Defense Defense Time % Phy DF OF
1 Tomas Kaberle Erik Johnson 60 1 2 2
2 Filip Kuba Ron Hainsey 40 1 2 2
Penalty Kill 4 Players Forward
Center Wing Time % Phy DF OF
1 Michal Handzus Mike Leclerc 60 1 3 1
2 Eric Staal Jordin Tootoo 40 1 3 1
Penalty Kill 4 Players Defense
Defense Defense Time % Phy DF OF
1 Filip Kuba Steve Eminger 60 1 3 1
2 Derek Meech Erik Johnson 40 1 3 1
Penalty Kill - 3 Players Forward
Forward Time % Phy DF OF
1 Mike Leclerc 60 1 4 0
2 Craig Adams 40 1 4 0
Penalty Kill - 3 Players Defense
Defense Defense Time % Phy DF OF
1 Filip Kuba Steve Eminger 60 1 4 0
2 Derek Meech Erik Johnson 40 1 4 0
4 vs 4 Forward
Center Wing Time % Phy DF OF
1 Eric Staal Alexander Semin 60 1 2 2
2 Michal Handzus David Backes 40 1 2 2
4 vs 4 Defense
Defense Defense Time % Phy DF OF
1 Filip Kuba Steve Eminger 60 1 2 2
2 Tomas Kaberle Erik Johnson 40 1 2 2
Last Minutes Offensive
Center Left Wing Right Wing Defense Defense
Eric Staal Alexander Semin David Backes Tomas Kaberle Steve Eminger
Last Minutes Defensive
Center Left Wing Right Wing Defense Defense
Eric Staal Alexander Semin David Backes Filip Kuba Steve Eminger
Goaltenders
Starting : Pekka Rinne
Backup : Craig Anderson
Extra Forwards
Normal : Alexander Semin, Jordin Tootoo, Michal Handzus - PP : Mark Bell, Milan Hejduk - PK : David Backes
Extra Defensemen
Normal : Erik Johnson, Tomas Kaberle, Derek Meech - PP : Tomas Kaberle - PK : Erik Johnson, Filip Kuba
Penalty Shots
Alexander Semin, Eric Staal, David Backes, Milan Hejduk, Mark Bell
Sharks
5 vs 5 Forward
Center Left Wing Right Wing Time % Phy DF OF
1 David Legwand Dany Heatley Daniel Alfredsson 40 0 2 3
2 Antoine Vermette Markus Naslund Brandon Yip 30 0 2 3
3 Kyle Wellwood Martin Samuelsson Ted Purcell 20 1 2 2
4 Adam Mair Troy Brouwer Alexander Radulov 10 1 2 2
5 vs 5 Defense
Defense Defense Time % Phy DF OF
1 Alex Pietrangelo Lasse Kukkonen 40 0 2 3
2 David Hale Johnny Boychuk 30 0 2 3
3 Shaone Morrisonn Adam Pardy 20 1 3 1
4 Adam Pardy Alex Pietrangelo 10 1 2 2
PowerPlay Forward
Center Left Wing Right Wing Time % Phy DF OF
1 David Legwand Dany Heatley Daniel Alfredsson 60 1 1 3
2 Antoine Vermette Markus Naslund Brandon Yip 40 1 1 3
PowerPlay Defense
Defense Defense Time % Phy DF OF
1 Alex Pietrangelo Lasse Kukkonen 60 0 2 3
2 David Hale Johnny Boychuk 40 0 2 3
Penalty Kill 4 Players Forward
Center Wing Time % Phy DF OF
1 Dany Heatley David Legwand 60 1 4 0
2 Kyle Wellwood Daniel Alfredsson 40 1 4 0
Penalty Kill 4 Players Defense
Defense Defense Time % Phy DF OF
1 Johnny Boychuk Lasse Kukkonen 60 1 4 0
2 David Hale Shaone Morrisonn 40 1 4 0
Penalty Kill - 3 Players Forward
Forward Time % Phy DF OF
1 Dany Heatley 60 1 4 0
2 Kyle Wellwood 40 1 4 0
Penalty Kill - 3 Players Defense
Defense Defense Time % Phy DF OF
1 Johnny Boychuk Lasse Kukkonen 60 1 4 0
2 David Hale Shaone Morrisonn 40 1 4 0
4 vs 4 Forward
Center Wing Time % Phy DF OF
1 Dany Heatley David Legwand 60 0 2 3
2 Antoine Vermette Daniel Alfredsson 40 0 2 3
4 vs 4 Defense
Defense Defense Time % Phy DF OF
1 Alex Pietrangelo Lasse Kukkonen 60 0 2 3
2 David Hale Adam Pardy 40 0 2 3
Last Minutes Offensive
Center Left Wing Right Wing Defense Defense
David Legwand Dany Heatley Daniel Alfredsson Alex Pietrangelo Lasse Kukkonen
Last Minutes Defensive
Center Left Wing Right Wing Defense Defense
Kyle Wellwood Dany Heatley Daniel Alfredsson Johnny Boychuk Lasse Kukkonen
Goaltenders
Starting : Mike Brodeur
Backup : Tyler Weiman
Extra Forwards
Normal : Alexander Radulov, Ted Purcell, Martin Samuelsson - PP : Alexander Radulov, Ted Purcell - PK : Martin Samuelsson
Extra Defensemen
Normal : Shaone Morrisonn, Adam Pardy, Johnny Boychuk - PP : Alex Pietrangelo - PK : Adam Pardy, David Hale
Penalty Shots
Dany Heatley, Ted Purcell, Daniel Alfredsson, Markus Naslund, Brandon Yip
% Time on Ice - Flames
Lines # - Real PCT - Wanted PCT - Time Play
Normal Forward
1 - 30% - 40% - 14:42
2 - 30% - 30% - 14:48
3 - 26% - 20% - 12:49
4 - 15% - 10% - 7:21
Normal Defense
1 - 38% - 40% - 19:04
2 - 28% - 30% - 13:40
3 - 29% - 20% - 14:22
4 - 5% - 10% - 2:34
PP Forward
1 - 62% - 60% - 1:14
2 - 38% - 40% - 0:45
PP Defense
1 - 56% - 60% - 1:07
2 - 44% - 40% - 0:52
PK Forward
1 - 75% - 60% - 6:15
2 - 25% - 40% - 2:06
PK Defense
1 - 67% - 60% - 5:34
2 - 33% - 40% - 2:47
PK3 Forward
1 - 0% - 60%
2 - 0% - 40%
PK3 Defense
1 - 0% - 60%
2 - 0% - 40%
44 Forward
1 - 0% - 60%
2 - 0% - 40%
44 Defense
1 - 0% - 60%
2 - 0% - 40%
Last Minute Offensive - 0:00
Last Minute Defensive - 0:00
Total
Forward - 60:00
Defense - 60:00
|
% Time on Ice - Sharks
Lines # - Real PCT - Wanted PCT - Time Play
Normal Forward
1 - 29% - 40% - 14:30
2 - 26% - 30% - 12:58
3 - 27% - 20% - 13:37
4 - 17% - 10% - 8:35
Normal Defense
1 - 34% - 40% - 16:50
2 - 35% - 30% - 17:12
3 - 27% - 20% - 13:22
4 - 5% - 10% - 2:16
PP Forward
1 - 54% - 60% - 4:30
2 - 46% - 40% - 3:51
PP Defense
1 - 65% - 60% - 5:24
2 - 35% - 40% - 2:57
PK Forward
1 - 81% - 60% - 1:36
2 - 19% - 40% - 0:23
PK Defense
1 - 66% - 60% - 1:19
2 - 34% - 40% - 0:40
PK3 Forward
1 - 0% - 60%
2 - 0% - 40%
PK3 Defense
1 - 0% - 60%
2 - 0% - 40%
44 Forward
1 - 0% - 60%
2 - 0% - 40%
44 Defense
1 - 0% - 60%
2 - 0% - 40%
Last Minute Offensive - 0:00
Last Minute Defensive - 0:00
Total
Forward - 60:00
Defense - 60:00
|
Play by Play
1st period
0:01 of 1st period - Eric Staal wins face-off versus David Legwand in neutral zone.
0:31 of 1st period - Slapshot by Alex Pietrangelo.
0:31 of 1st period - Shot Blocked by Erik Johnson.
1:20 of 1st period - Steve Eminger is hit by David Hale and loses puck.
1:33 of 1st period - David Legwand is hit by Alexander Semin and loses puck.
1:54 of 1st period - Snap shot by Michal Handzus.
1:54 of 1st period - Stopped by Mike Brodeur without a rebound.
1:55 of 1st period - Antoine Vermette wins face-off versus Michal Handzus in Sharks zone.
2:30 of 1st period - Slapshot by Mark Bell.
2:30 of 1st period - Stopped by Mike Brodeur with a rebound.
2:36 of 1st period - Snap shot by Michal Handzus.
2:36 of 1st period - Shot Blocked by Alex Pietrangelo.
2:38 of 1st period - Snap shot by Jordin Tootoo.
2:38 of 1st period - Shot Misses the Net.
2:42 of 1st period - Wrist shot by Jordin Tootoo.
2:42 of 1st period - Stopped by Mike Brodeur with a rebound.
2:54 of 1st period - Slapshot by Mark Bell.
2:54 of 1st period - Stopped by Mike Brodeur with a rebound.
2:58 of 1st period - Snap shot by Jordin Tootoo.
2:58 of 1st period - Stopped by Mike Brodeur with a rebound.
3:12 of 1st period - Snap shot by Michal Handzus.
3:12 of 1st period - Stopped by Mike Brodeur with a rebound.
3:14 of 1st period - Snap shot by Erik Johnson.
3:14 of 1st period - Stopped by Mike Brodeur without a rebound.
3:15 of 1st period - David Legwand wins face-off versus David Backes in Sharks zone.
3:24 of 1st period - Wrist shot by David Legwand.
3:24 of 1st period - Shot Misses the Net.
3:26 of 1st period - Slapshot by David Hale.
3:26 of 1st period - Shot Blocked by David Backes.
3:28 of 1st period - Slapshot by Johnny Boychuk.
3:28 of 1st period - Deflect By Daniel Alfredsson.
3:28 of 1st period - Stopped by Pekka Rinne with a rebound.
3:30 of 1st period - Slapshot by Johnny Boychuk.
3:30 of 1st period - Shot Misses the Net.
3:42 of 1st period - Johnny Boychuk is hit by Steve Regier and loses puck.
4:08 of 1st period - Wrist shot by Patrik Berglund.
4:08 of 1st period - Shot Hit the Post.
4:10 of 1st period - Snap shot by Tomas Kaberle.
4:10 of 1st period - Deflect By Craig Adams.
4:10 of 1st period - Stopped by Mike Brodeur with a rebound.
4:12 of 1st period - Slapshot by Tomas Kaberle.
4:12 of 1st period - Shot Blocked by Adam Pardy.
4:38 of 1st period - Minor Penalty to Steve Regier for Boarding.
4:39 of 1st period - Michal Handzus wins face-off versus David Legwand in Flames zone.
4:48 of 1st period - Slapshot by David Legwand.
4:48 of 1st period - Shot Misses the Net.
4:50 of 1st period - Slapshot by Lasse Kukkonen.
4:50 of 1st period - Stopped by Pekka Rinne without a rebound.
4:51 of 1st period - Michal Handzus wins face-off versus David Legwand in Flames zone.
4:51 of 1st period - Michal Handzus is hit by Daniel Alfredsson.
5:03 of 1st period - Snap shot by David Legwand.
5:03 of 1st period - Goal by David Legwand - Flames : 0 - Sharks : 1.
5:04 of 1st period - David Legwand wins face-off versus Eric Staal in neutral zone.
5:17 of 1st period - Snap shot by David Legwand.
5:17 of 1st period - Stopped by Pekka Rinne with a rebound.
5:19 of 1st period - Wrist shot by Alex Pietrangelo.
5:19 of 1st period - Stopped by Pekka Rinne with a rebound.
5:57 of 1st period - Snap shot by Michal Handzus.
5:57 of 1st period - Stopped by Mike Brodeur without a rebound.
5:58 of 1st period - David Legwand wins face-off versus Mark Bell in Sharks zone.
6:24 of 1st period - Kyle Wellwood is hit by David Backes.
6:28 of 1st period - Wrist shot by Eric Staal.
6:28 of 1st period - Shot Blocked by David Hale.
7:11 of 1st period - Antoine Vermette is hit by Patrik Berglund and loses puck.
8:00 of 1st period - Snap shot by Marcel Goc.
8:00 of 1st period - Shot Misses the Net.
8:16 of 1st period - Slapshot by Troy Brouwer.
8:16 of 1st period - Deflect By Eric Staal.
8:16 of 1st period - Stopped by Pekka Rinne with a rebound.
9:08 of 1st period - Eric Staal is hit by Adam Mair and loses puck.
9:32 of 1st period - Snap shot by Dany Heatley.
9:32 of 1st period - Shot Blocked by Steve Regier.
9:34 of 1st period - Backhand shot by Lasse Kukkonen.
9:34 of 1st period - Shot Misses the Net.
9:48 of 1st period - Filip Kuba is hit by Ted Purcell and loses puck.
9:55 of 1st period - Snap shot by Martin Samuelsson.
9:55 of 1st period - Shot Misses the Net.
10:07 of 1st period - Michal Handzus is hit by Johnny Boychuk.
10:30 of 1st period - Slapshot by Adam Mair.
10:30 of 1st period - Stopped by Pekka Rinne without a rebound.
10:31 of 1st period - David Backes wins face-off versus Adam Mair in Flames zone.
11:02 of 1st period - Derek Meech is hit by Dany Heatley and loses puck.
11:21 of 1st period - Michal Handzus is hit by Antoine Vermette and loses puck.
11:41 of 1st period - Mike Leclerc is hit by Johnny Boychuk and loses puck.
12:03 of 1st period - Snap shot by Troy Brouwer.
12:03 of 1st period - Stopped by Pekka Rinne with a rebound.
12:05 of 1st period - Slapshot by Shaone Morrisonn.
12:05 of 1st period - Stopped by Pekka Rinne without a rebound.
12:06 of 1st period - David Backes wins face-off versus David Legwand in Flames zone.
12:51 of 1st period - Wrist shot by Ted Purcell.
12:51 of 1st period - Stopped by Pekka Rinne with a rebound.
12:53 of 1st period - Wrist shot by Martin Samuelsson.
12:53 of 1st period - Shot Misses the Net.
12:55 of 1st period - Slapshot by Adam Pardy.
12:55 of 1st period - Deflect By Martin Samuelsson.
12:55 of 1st period - Deflect By Marcel Goc.
12:55 of 1st period - Shot Misses the Net.
12:55 of 1st period - Puck is out of play.
12:56 of 1st period - Eric Staal wins face-off versus Kyle Wellwood in Flames zone.
13:52 of 1st period - Slapshot by Alex Pietrangelo.
13:52 of 1st period - Stopped by Pekka Rinne without a rebound.
13:53 of 1st period - David Legwand wins face-off versus Eric Staal in Flames zone.
14:22 of 1st period - Snap shot by Alex Pietrangelo.
14:22 of 1st period - Deflect By Antoine Vermette.
14:22 of 1st period - Shot Misses the Net.
14:22 of 1st period - Puck is out of play.
14:23 of 1st period - Antoine Vermette wins face-off versus Mark Bell in Flames zone.
14:24 of 1st period - Wrist shot by Markus Naslund.
14:24 of 1st period - Stopped by Pekka Rinne with a rebound.
14:27 of 1st period - Icing by Derek Meech.
14:28 of 1st period - Michal Handzus wins face-off versus David Legwand in Flames zone.
14:57 of 1st period - Brandon Yip is hit by Derek Meech and loses puck.
15:24 of 1st period - Slapshot by Troy Brouwer.
15:24 of 1st period - Stopped by Pekka Rinne without a rebound.
15:25 of 1st period - David Legwand wins face-off versus Eric Staal in Flames zone.
16:44 of 1st period - Slapshot by Johnny Boychuk.
16:44 of 1st period - Shot Misses the Net.
17:04 of 1st period - Slapshot by Marcel Goc.
17:04 of 1st period - Stopped by Mike Brodeur without a rebound.
17:05 of 1st period - Brandon Yip wins face-off versus Michal Handzus in Sharks zone.
17:05 of 1st period - Antoine Vermette is hit by Steve Eminger and loses puck.
17:20 of 1st period - Wrist shot by Mark Bell.
17:20 of 1st period - Stopped by Mike Brodeur with a rebound.
17:31 of 1st period - Icing by Antoine Vermette.
17:32 of 1st period - Eric Staal wins face-off versus David Legwand in Sharks zone.
17:35 of 1st period - Slapshot by Eric Staal.
17:35 of 1st period - Deflect By David Backes.
17:35 of 1st period - Stopped by Mike Brodeur without a rebound.
17:36 of 1st period - Eric Staal wins face-off versus David Legwand in Sharks zone.
17:45 of 1st period - Snap shot by David Legwand.
17:45 of 1st period - Shot Misses the Net.
17:51 of 1st period - Slapshot by Alexander Semin.
17:51 of 1st period - Stopped by Mike Brodeur without a rebound.
17:52 of 1st period - Antoine Vermette wins face-off versus Michal Handzus in Sharks zone.
17:57 of 1st period - Wrist shot by Markus Naslund.
17:57 of 1st period - Deflect By Antoine Vermette.
17:57 of 1st period - Stopped by Pekka Rinne without a rebound.
17:58 of 1st period - Michal Handzus wins face-off versus Markus Naslund in Flames zone.
18:43 of 1st period - Slapshot by Lasse Kukkonen.
18:43 of 1st period - Shot Misses the Net.
19:11 of 1st period - Alexander Radulov is hit by Erik Johnson and loses puck.
19:33 of 1st period - Minor Penalty to Eric Staal for Hooking.
19:34 of 1st period - David Legwand wins face-off versus Michal Handzus in Flames zone.
19:46 of 1st period - Snap shot by David Legwand.
19:46 of 1st period - Shot Misses the Net.
19:48 of 1st period - Backhand shot by Dany Heatley.
19:48 of 1st period - Shot Blocked by Steve Eminger.
Goals for this period are 0 for Flames vs 1 for Sharks.
Shots for this period are 13 for Flames vs 14 for Sharks.
2nd period
0:01 of 2nd period - David Legwand wins face-off versus Michal Handzus in neutral zone.
0:04 of 2nd period - Michal Handzus is hit by Lasse Kukkonen and loses puck.
0:11 of 2nd period - Snap shot by David Legwand.
0:11 of 2nd period - Shot Misses the Net.
0:13 of 2nd period - Snap shot by David Legwand.
0:13 of 2nd period - Shot Misses the Net.
0:15 of 2nd period - Slapshot by Alex Pietrangelo.
0:15 of 2nd period - Stopped by Pekka Rinne with a rebound.
0:17 of 2nd period - Wrist shot by Dany Heatley.
0:17 of 2nd period - Shot Misses the Net.
1:33 of 2nd period - Penalty to Eric Staal is over, Eric Staal is back on ice.
1:47 of 2nd period - Slapshot by Adam Mair.
1:47 of 2nd period - Shot Blocked by Steve Eminger.
1:49 of 2nd period - Snap shot by Troy Brouwer.
1:49 of 2nd period - Stopped by Pekka Rinne with a rebound.
1:51 of 2nd period - Snap shot by Adam Mair.
1:51 of 2nd period - Shot Blocked by Eric Staal.
1:57 of 2nd period - Wrist shot by Alexander Radulov.
1:57 of 2nd period - Deflect By Troy Brouwer.
1:57 of 2nd period - Stopped by Pekka Rinne with a rebound.
2:09 of 2nd period - Snap shot by Martin Samuelsson.
2:09 of 2nd period - Shot Misses the Net.
3:46 of 2nd period - Adam Mair is hit by Michal Handzus and loses puck.
4:14 of 2nd period - Markus Naslund is hit by David Backes and loses puck.
4:54 of 2nd period - Milan Hejduk is hit by Shaone Morrisonn and loses puck.
5:51 of 2nd period - David Legwand is hit by Mark Bell.
5:54 of 2nd period - Icing by Daniel Alfredsson.
5:55 of 2nd period - Michal Handzus wins face-off versus David Legwand in Sharks zone.
5:58 of 2nd period - Slapshot by Michal Handzus.
5:58 of 2nd period - Shot Misses the Net.
6:41 of 2nd period - Snap shot by David Legwand.
6:41 of 2nd period - Shot Misses the Net.
7:27 of 2nd period - Wrist shot by Daniel Alfredsson.
7:27 of 2nd period - Stopped by Pekka Rinne with a rebound.
7:29 of 2nd period - Slapshot by Lasse Kukkonen.
7:29 of 2nd period - Stopped by Pekka Rinne without a rebound.
7:30 of 2nd period - Antoine Vermette wins face-off versus Eric Staal in Flames zone.
7:45 of 2nd period - Slapshot by Markus Naslund.
7:45 of 2nd period - Stopped by Pekka Rinne with a rebound.
7:57 of 2nd period - Steve Regier is hit by Ted Purcell and loses puck.
8:02 of 2nd period - Backhand shot by Kyle Wellwood.
8:02 of 2nd period - Stopped by Pekka Rinne without a rebound.
8:03 of 2nd period - Marcel Goc wins face-off versus Martin Samuelsson in Flames zone.
8:12 of 2nd period - Wrist shot by Milan Hejduk.
8:12 of 2nd period - Stopped by Mike Brodeur with a rebound.
8:34 of 2nd period - Martin Samuelsson is hit by Derek Meech and loses puck.
8:46 of 2nd period - Derek Meech is hit by Shaone Morrisonn and loses puck.
8:51 of 2nd period - Snap shot by Martin Samuelsson.
8:51 of 2nd period - Deflect By Kyle Wellwood.
8:51 of 2nd period - Stopped by Pekka Rinne with a rebound.
8:53 of 2nd period - Slapshot by Shaone Morrisonn.
8:53 of 2nd period - Shot Misses the Net.
8:55 of 2nd period - Slapshot by Ted Purcell.
8:55 of 2nd period - Stopped by Pekka Rinne with a rebound.
8:57 of 2nd period - Wrist shot by Ted Purcell.
8:57 of 2nd period - Stopped by Pekka Rinne with a rebound.
9:31 of 2nd period - Steve Regier is hit by Martin Samuelsson and loses puck.
9:46 of 2nd period - Snap shot by Steve Regier.
9:46 of 2nd period - Stopped by Mike Brodeur with a rebound.
9:57 of 2nd period - Icing by Adam Pardy.
9:58 of 2nd period - Kyle Wellwood wins face-off versus Eric Staal in Sharks zone.
10:05 of 2nd period - Slapshot by Shaone Morrisonn.
10:05 of 2nd period - Shot Blocked by Eric Staal.
10:19 of 2nd period - Alexander Semin is hit by Kyle Wellwood and loses puck.
10:47 of 2nd period - Adam Pardy is hit by Alexander Semin.
11:11 of 2nd period - Slapshot by Eric Staal.
11:11 of 2nd period - Shot Blocked by Ted Purcell.
11:44 of 2nd period - Off-side.
11:45 of 2nd period - Michal Handzus wins face-off versus David Legwand in neutral zone.
12:03 of 2nd period - David Legwand is hit by Jordin Tootoo.
12:21 of 2nd period - Wrist shot by Brandon Yip.
12:21 of 2nd period - Goal by Brandon Yip - Flames : 0 - Sharks : 2.
12:22 of 2nd period - Michal Handzus wins face-off versus Dany Heatley in neutral zone.
12:29 of 2nd period - Wrist shot by Michal Handzus.
12:29 of 2nd period - Stopped by Mike Brodeur with a rebound.
12:35 of 2nd period - Snap shot by Mark Bell.
12:35 of 2nd period - Shot Misses the Net.
12:37 of 2nd period - Backhand shot by Filip Kuba.
12:37 of 2nd period - Shot Misses the Net.
12:51 of 2nd period - Wrist shot by Steve Regier.
12:51 of 2nd period - Stopped by Mike Brodeur with a rebound.
13:24 of 2nd period - Snap shot by Dany Heatley.
13:24 of 2nd period - Deflect By David Legwand.
13:24 of 2nd period - Stopped by Pekka Rinne without a rebound.
13:25 of 2nd period - Antoine Vermette wins face-off versus Michal Handzus in Flames zone.
13:31 of 2nd period - Minor Penalty to Mark Bell for Cross-checking.
13:32 of 2nd period - Michal Handzus wins face-off versus Antoine Vermette in Flames zone.
13:46 of 2nd period - Slapshot by Brandon Yip.
13:46 of 2nd period - Stopped by Pekka Rinne without a rebound.
13:47 of 2nd period - Michal Handzus wins face-off versus David Legwand in Flames zone.
13:47 of 2nd period - Michal Handzus is hit by David Legwand.
14:03 of 2nd period - Slapshot by Alex Pietrangelo.
14:03 of 2nd period - Shot Misses the Net.
15:01 of 2nd period - Icing by Alex Pietrangelo.
15:02 of 2nd period - Jordin Tootoo wins face-off versus David Legwand in Sharks zone.
15:31 of 2nd period - Penalty to Mark Bell is over, Mark Bell is back on ice.
15:35 of 2nd period - Wrist shot by Adam Mair.
15:35 of 2nd period - Stopped by Pekka Rinne with a rebound.
16:01 of 2nd period - Shaone Morrisonn is hit by Marcel Goc.
16:51 of 2nd period - Off-side.
16:52 of 2nd period - Michal Handzus wins face-off versus Antoine Vermette in neutral zone.
17:19 of 2nd period - David Legwand is hit by Patrik Berglund and loses puck.
17:50 of 2nd period - Slapshot by Alex Pietrangelo.
17:50 of 2nd period - Stopped by Pekka Rinne with a rebound.
18:24 of 2nd period - Lasse Kukkonen is hit by Ron Hainsey and loses puck.
18:51 of 2nd period - Wrist shot by Antoine Vermette.
18:51 of 2nd period - Shot Blocked by Derek Meech.
18:53 of 2nd period - Slapshot by Johnny Boychuk.
18:53 of 2nd period - Deflect By Antoine Vermette.
18:53 of 2nd period - Shot Misses the Net.
18:53 of 2nd period - Puck is out of play.
18:54 of 2nd period - David Legwand wins face-off versus Michal Handzus in Flames zone.
19:25 of 2nd period - Slapshot by Adam Mair.
19:25 of 2nd period - Stopped by Pekka Rinne with a rebound.
19:39 of 2nd period - Snap shot by Filip Kuba.
19:39 of 2nd period - Shot Misses the Net.
19:41 of 2nd period - Wrist shot by Marcel Goc.
19:41 of 2nd period - Stopped by Mike Brodeur with a rebound.
19:43 of 2nd period - Wrist shot by Marcel Goc.
19:43 of 2nd period - Shot Blocked by Johnny Boychuk.
Goals for this period are 0 for Flames vs 1 for Sharks.
Shots for this period are 5 for Flames vs 16 for Sharks.
3rd period
0:01 of 3rd period - Eric Staal wins face-off versus David Legwand in neutral zone.
0:12 of 3rd period - Slapshot by Eric Staal.
0:12 of 3rd period - Shot Hit the Post.
0:14 of 3rd period - Backhand shot by Alexander Semin.
0:14 of 3rd period - Stopped by Mike Brodeur with a rebound.
0:40 of 3rd period - Minor Penalty to Michal Handzus for Roughing.
0:41 of 3rd period - David Legwand wins face-off versus David Backes in Flames zone.
1:50 of 3rd period - Alexander Semin is hit by Antoine Vermette and loses puck.
2:19 of 3rd period - Derek Meech is hit by Antoine Vermette.
2:23 of 3rd period - Antoine Vermette is hit by Mark Bell and loses puck.
2:40 of 3rd period - Penalty to Michal Handzus is over, Michal Handzus is back on ice.
3:42 of 3rd period - Johnny Boychuk is hit by Craig Adams and loses puck.
3:47 of 3rd period - Slapshot by Craig Adams.
3:47 of 3rd period - Stopped by Mike Brodeur with a rebound.
4:09 of 3rd period - Kyle Wellwood is hit by Ron Hainsey and loses puck.
4:20 of 3rd period - Derek Meech is hit by Brandon Yip and loses puck.
4:57 of 3rd period - Alexander Radulov is hit by Milan Hejduk and loses puck.
5:30 of 3rd period - Martin Samuelsson is hit by Jordin Tootoo and loses puck.
5:49 of 3rd period - David Hale is hit by Steve Eminger.
5:57 of 3rd period - Erik Johnson is hit by Brandon Yip and loses puck.
6:04 of 3rd period - Markus Naslund is hit by Craig Adams and loses puck.
6:13 of 3rd period - Wrist shot by Patrik Berglund.
6:13 of 3rd period - Stopped by Mike Brodeur without a rebound.
6:14 of 3rd period - David Legwand wins face-off versus Eric Staal in Sharks zone.
6:29 of 3rd period - Wrist shot by David Legwand.
6:29 of 3rd period - Deflect By Eric Staal.
6:29 of 3rd period - Stopped by Pekka Rinne with a rebound.
6:45 of 3rd period - Wrist shot by Jordin Tootoo.
6:45 of 3rd period - Shot Misses the Net.
6:51 of 3rd period - Mark Bell is hit by Alex Pietrangelo and loses puck.
7:02 of 3rd period - Wrist shot by Adam Mair.
7:02 of 3rd period - Goal by Adam Mair - Flames : 0 - Sharks : 3.
7:03 of 3rd period - Eric Staal wins face-off versus David Legwand in neutral zone.
7:18 of 3rd period - Slapshot by Alexander Semin.
7:18 of 3rd period - Shot Misses the Net.
7:37 of 3rd period - Slapshot by Markus Naslund.
7:37 of 3rd period - Deflect By Antoine Vermette.
7:37 of 3rd period - Stopped by Pekka Rinne with a rebound.
7:51 of 3rd period - Snap shot by Kyle Wellwood.
7:51 of 3rd period - Stopped by Pekka Rinne without a rebound.
7:52 of 3rd period - Kyle Wellwood wins face-off versus Marcel Goc in Flames zone.
7:55 of 3rd period - Snap shot by Kyle Wellwood.
7:55 of 3rd period - Shot Misses the Net.
7:57 of 3rd period - Snap shot by Martin Samuelsson.
7:57 of 3rd period - Stopped by Pekka Rinne without a rebound.
7:58 of 3rd period - Eric Staal wins face-off versus Daniel Alfredsson in Flames zone.
8:00 of 3rd period - Minor Penalty to Eric Staal for Holding Stick.
8:01 of 3rd period - Michal Handzus wins face-off versus Daniel Alfredsson in Flames zone.
8:39 of 3rd period - Slapshot by Filip Kuba.
8:39 of 3rd period - Stopped by Mike Brodeur with a rebound.
8:49 of 3rd period - Slapshot by Alex Pietrangelo.
8:49 of 3rd period - Stopped by Pekka Rinne with a rebound.
8:59 of 3rd period - Brandon Yip is hit by Mike Leclerc and loses puck.
9:23 of 3rd period - Icing by David Legwand.
9:24 of 3rd period - David Legwand wins face-off versus Michal Handzus in Sharks zone.
9:31 of 3rd period - Wrist shot by David Legwand.
9:31 of 3rd period - Stopped by Pekka Rinne with a rebound.
9:33 of 3rd period - Snap shot by Alex Pietrangelo.
9:33 of 3rd period - Stopped by Pekka Rinne without a rebound.
9:34 of 3rd period - Michal Handzus wins face-off versus David Legwand in Flames zone.
10:00 of 3rd period - Penalty to Eric Staal is over, Eric Staal is back on ice.
10:11 of 3rd period - Milan Hejduk is hit by Ted Purcell and loses puck.
10:40 of 3rd period - Snap shot by Dany Heatley.
10:40 of 3rd period - Stopped by Pekka Rinne with a rebound.
10:46 of 3rd period - David Hale is hit by David Backes and loses puck.
11:01 of 3rd period - Wrist shot by Brandon Yip.
11:01 of 3rd period - Stopped by Pekka Rinne without a rebound.
11:02 of 3rd period - Antoine Vermette wins face-off versus Michal Handzus in Flames zone.
11:26 of 3rd period - Minor Penalty to Markus Naslund for Hooking.
11:27 of 3rd period - Dany Heatley wins face-off versus Eric Staal in Sharks zone.
12:01 of 3rd period - Snap shot by Patrik Berglund.
12:01 of 3rd period - Shot Misses the Net.
12:03 of 3rd period - Wrist shot by Milan Hejduk.
12:03 of 3rd period - Shot Blocked by David Legwand.
13:11 of 3rd period - Adam Pardy is hit by Alexander Semin and loses puck.
13:26 of 3rd period - Penalty to Markus Naslund is over, Markus Naslund is back on ice.
14:28 of 3rd period - Marcel Goc is hit by Troy Brouwer and loses puck.
14:43 of 3rd period - Michal Handzus is hit by Lasse Kukkonen and loses puck.
14:48 of 3rd period - Wrist shot by Antoine Vermette.
14:48 of 3rd period - Shot Misses the Net.
15:12 of 3rd period - Filip Kuba is hit by Martin Samuelsson and loses puck.
15:17 of 3rd period - Snap shot by Kyle Wellwood.
15:17 of 3rd period - Shot Misses the Net.
15:19 of 3rd period - Snap shot by Shaone Morrisonn.
15:19 of 3rd period - Shot Misses the Net.
16:10 of 3rd period - Steve Eminger is hit by Shaone Morrisonn and loses puck.
17:19 of 3rd period - Brandon Yip is hit by Marcel Goc and loses puck.
17:56 of 3rd period - Snap shot by Milan Hejduk.
17:56 of 3rd period - Deflect By Marcel Goc.
17:56 of 3rd period - Shot Blocked by Shaone Morrisonn.
17:56 of 3rd period - Puck is out of play.
17:57 of 3rd period - Marcel Goc wins face-off versus David Legwand in Sharks zone.
19:10 of 3rd period - Slapshot by David Hale.
19:10 of 3rd period - Shot Misses the Net.
Goals for this period are 0 for Flames vs 1 for Sharks.
Shots for this period are 4 for Flames vs 10 for Sharks.
Output by the SimonT Hockey Simulator (STHS) for François Prévost -- Original Page W3C XHTML 1.0 Valid